 Dungeon Crawl Stone Soup version 0.17-a0-1636-g3119f2b (webtiles) character file.

189 karlkraus the Sneak (level 5, 0/36 HPs)
             Began as an Octopode Monk on Aug 5, 2015.
             Was a Believer of Okawaru.
             Slain by a rat (2 damage)
             ... in a sewer.
             The game lasted 00:06:15 (2043 turns).

karlkraus the Sneak (Octopode Monk)                 Turns: 2043, Time: 00:06:16

Health: 0/36       AC:  1    Str: 11    XL:     5   Next: 68%
Magic:  3/5        EV: 18    Int: 12    God:    Okawaru [**....]
Gold:   58         SH:  0    Dex: 15    Spells: 0 memorised, 4 levels left

rFire  . . .     SeeInvis .       - Unarmed
rCold  . . .     Clarity  .     (no shield)
rNeg   . . .     SustAt   .     (helmet restricted)
rPois  .         Gourm    .     (no amulet)
rElec  .         Spirit   .     (no ring)
rCorr  .         Warding  .     (no ring)
rMut   .         Stasis   .     (no ring)
MR     .....                    (no ring)
Stlth  +++++++...               (no ring)
                                (no ring)
                                (no ring)
                                (no ring)

@: lethally poisoned (0 -> -2), heroism, not resistant to hostile enchantments,
extremely stealthy
A: almost no armour, amphibious, 8 rings, constrict 8, camouflage 1, gelatinous
body 1
a: Heroism, Renounce Religion


You were in a sewer.
You worshipped Okawaru.
Okawaru was pleased with you.
You were hungry.

You visited 1 branch of the dungeon, and saw 3 of its levels.
You also visited: Sewer.

You collected 58 gold pieces.

Inventory:

Scrolls
 d - a scroll of teleportation {unknown}
 e - 3 scrolls of identify {unknown}
Potions
 g - a potion of brilliance {unknown}
Comestibles
 a - 2 bread rations
 b - a slice of pizza
 c - 4 fruits
 f - 2 meat rations


   Skills:
 + Level 3.5(8.5) Fighting
 + Level 3.9(8.9) Dodging
 + Level 5.2(10.2) Stealth
 + Level 5.0(10.0) Unarmed Combat


You had 4 spell levels left.
You didn't know any spells.

Dungeon Overview and Level Annotations

Branches:
Dungeon (3/15)

Altars:
Ashenzari
Fedhas
Okawaru


Innate Abilities, Weirdness & Mutations

You cannot wear most types of armour.
You are amphibious.
You can wear up to eight rings at the same time.
You can use your tentacles to constrict eight enemies at once.
Your skin changes colour to match your surroundings (Stealth).
Your rubbery body absorbs attacks (AC +1).


Message History

You constrict the sickly siren.
The sickly siren chants its luring song.
The rat bites you.
* * * LOW HITPOINT WARNING * * *
The rat misses you.
You tentacle-slap the sickly siren. You squeeze the sickly siren.
The sickly siren is severely wounded.
You constrict the sickly siren, but do no damage.
The rat completely misses you.
The sickly siren chants its luring song.
The rat barely misses you.
You bludgeon the sickly siren!
You break out of your daze!
You kill the sickly siren!
Okawaru accepts your kill.
You hear a splash.
Your base Stealth skill increases to level 5!
Your base Unarmed Combat skill increases to level 5!
The rat closely misses you. The rat bites you.
You die...

######
###...≈##
##...≈≈≈≈#
#######.†rr≈≈#
#.....†.≈†@)≈#
#.##≈≈≈≈≈≈≈≈≈#
#.#≈≈≈###≈####
#######≈≈≈###
.≈..
≈≈≈≈†≈≈≈≈≈#
!..$$$#
≈##########
######## ####
≈∩∩# ≈###


You could see 2 rats.

Vanquished Creatures
  2 sirens (Sewer)
  A gnoll (D:1)
  5 adders
  A river rat (Sewer)
  An ooze (D:2)
  A worm (D:2)
  5 giant geckos
  2 ball pythons (Sewer)
  6 giant cockroaches
  9 goblins
  12 hobgoblins
  2 jackals (D:1)
  2 kobolds
  9 bats
  4 giant newts
  A quokka (D:2)
  13 rats
76 creatures vanquished.

Notes
Turn   | Place    | Note
--------------------------------------------------------------
     0 | D:1      | karlkraus the Octopode Monk began the quest for the Orb.
     0 | D:1      | Reached XP level 1. HP: 16/16 MP: 1/1
   133 | D:1      | Reached XP level 2. HP: 9/21 MP: 2/2
   473 | D:1      | Reached XP level 3. HP: 17/26 MP: 3/3
   864 | D:2      | Found a shattered altar of Ashenzari.
   921 | D:2      | Reached XP level 4. HP: 29/31 MP: 4/4
  1023 | D:2      | Found a blossoming altar of Fedhas.
  1059 | D:2      | Found an iron altar of Okawaru.
  1077 | D:2      | Became a worshipper of Warmaster Okawaru
  1077 | D:2      | Acquired Okawaru's first power
  1621 | D:3      | Found a glowing drain.
  1631 | D:3      | Reached XP level 5. HP: 29/36 MP: 5/5
  1637 | Sewer    | Entered a sewer
  1690 | Sewer    | HP: 1/36 [sickly siren/spear (8)]
  2043 | Sewer    | Reached skill level 5 in Stealth
  2043 | Sewer    | Reached skill level 5 in Unarmed Combat
  2043 | Sewer    | Slain by a rat

Vault maps used:
D:1:      minmay_arrival_checkered_box
D:2:      ashenzari_altar_1, overflow_temple_1_default, okawaru_trees_2
D:3:      gup_sewer_entry_bubbles, due_unseen_surprise
Sewer:    sewer_sea

Action                   |  1- 3 |  4- 6 || total
-------------------------+-------+-------++-------
Melee: Unarmed           |    76 |    90 ||   166
Invok: Heroism           |       |     1 ||     1
 Stab: Sleeping          |     9 |    21 ||    30
  Eat: Chunk             |       |     3 ||     3
